Cogmind - Beta 14 @@@ ROGUE MODE // 2024.09.06 @ 02:08:40 Player: J1ang-5h1 Result: Destroyed by T5-URQ(R) with Subdweller Machine Gun Performance ------------- Evolutions (0) 0 Regions Visited (2) 400 Robots Destroyed (39) 195 Value Destroyed (842) 842 Prototype IDs (11) 220 Alien Tech Used (0) 0 Bonus (-67) -67 TOTAL SCORE: 1590 Bonus ------- Friendly Fire -67 Cogmind --------- Core Integrity 0/250 Matter 109/300 Energy 71/100 System Corruption 0% Temperature Cool (0) Movement Rolling (95) Location -10/Subcaves Parts ------- > --- POWER (1) -------- (None) > --- PROPULSION (2) --- Wheel Subdweller Monowheel > --- UTILITY (2) ------ Large Storage Unit > --- WEAPON (2) ------- Subdweller Laser > --- INVENTORY (15) --- Subdweller Power Source Huge Storage Unit Large Battery (200) Structural Scanner Subdweller Optics Sensor Array Improved Terrain Scanner Seismic Detector Gun Armor Scrap Shield Tractor Beam Subdweller Machine Gun Shrapnel Trap Peak State ------------ > --- POWER ------------ Light Nuclear Core > --- PROPULSION ------- Light Treads Light Treads > --- UTILITY ---------- Large Storage Unit Light Armor Plating > --- WEAPON ----------- Mining Laser Enhanced Flamer > --- INVENTORY -------- Light Ion Engine Wheel Huge Storage Unit Large Battery Structural Scanner Sensor Array Improved Terrain Scanner Seismic Detector Gun Armor Scrap Shield Tractor Beam Light Assault Rifle Grenade Launcher Subdweller Shrapnel Launcher [Rating: 13] Favorites ----------- Power Light Nuclear Core Engine Ion Engine Power Core Light Nuclear Core Propulsion Aluminum Leg Treads Light Treads Leg Aluminum Leg Wheel Wheel Utility Large Storage Unit Device Seismic Detector Storage Large Storage Unit Protection Light Armor Plating Weapon Assault Rifle Energy Gun Subdweller Laser Ballistic Gun Assault Rifle Launcher Grenade Launcher Special Weapon Mining Laser Build | -11 -10 -10 ------- Run | Yrd Mat Sub Slots Evolved . | . . . Power . | . . . Propulsion . | . . . Utility . | . . . Weapon . | . . . Parts Attached 34 | . 15 19 Power 2 | . 1 1 Engine 1 | . . 1 Core 1 | . 1 . Reactor . | . . . Propulsion 7 | . 3 4 Treads 2 | . . 2 Leg 3 | . 3 . Wheel 2 | . . 2 Hover . | . . . Flight . | . . . Utility 8 | . 5 3 Device 3 | . 2 1 Storage 2 | . 2 . Processor . | . . . Hackware . | . . . Protection 3 | . 1 2 Artifact . | . . . Weapon 17 | . 6 11 Energy Gun 1 | . . 1 Energy Cannon . | . . . Ballistic Gun 6 | . 3 3 Ballistic Cannon . | . . . Launcher 7 | . 3 4 Special Weapon 3 | . . 3 Impact Weapon . | . . . Slashing Weapon . | . . . Piercing Weapon . | . . . Special Melee Weapon . | . . . Unidentified Prototypes . | . . . Parts Lost 10 | . . 10 Power 2 | . . 2 Propulsion 2 | . . 2 Utility 2 | . . 2 Weapon 4 | . . 4 Highest Loss Streak 6 | . . 6 To Critical Strikes . | . . . Average Slot Usage (%) 93 | . 99 83 Engine 2 | . 3 . Core 9 | . 10 9 Treads 7 | . . 19 Leg 18 | . 28 . Wheel 1 | . . 3 Device 3 | . 5 . Storage 14 | . 14 14 Protection 8 | . 8 9 Energy Gun 1 | . . 3 Ballistic Gun 21 | . 27 8 Launcher 2 | . . 6 Special Weapon 1 | . . 3 Peak Build Rating 13 | 7 10 13 Average Rating 9 | 6 9 9 On Entrance 7 | 6 7 10 Naked Turns . | . . . Heaviest Build 34 | 13 33 34 Greatest Support 40 | 20 20 40 Greatest Overweight (x) 2 | . 1 2 Average Overweight (x) . | . . . Largest Inventory Capacity 15 | 8 15 15 Average Capacity 14 | 8 14 15 Most Carried 15 | 8 15 15 Average Carried 13 | 6 12 14 Final Capacity 15 | 8 15 15 Final Carried 15 | 8 15 14 Class Distribution -------------------- 100% | Mutant Dominant Class ---------------- Mutant | -10/Materials Mutant | -10/Subcaves Resources | -11 -10 -10 ----------- Run | Yrd Mat Sub Matter Collected 948 | 212 378 358 Remotely . | . . . Salvage Created 989 | 98 675 216 Parts 77 | 6 57 14 Haulers Intercepted 2 | . 2 . Recyclers Shooed 1 | . 1 . Parts Field Recycled . | . . . Retrieved Matter . | . . . Parts Self-Destructed 7 | . . 7 Prevented . | . . . Kills | -11 -10 -10 ------- Run | Yrd Mat Sub Combat Hostiles Destroyed 29 | . 16 13 Guns 15 | . 13 2 AOE 14 | . 3 11 Classes Destroyed 9 | 2 6 1 Worker 1 | . 1 . Tunneler 2 | 1 1 . Hauler 2 | . 2 . Recycler 1 | 1 . . Operator 1 | . 1 . Watcher 3 | . 3 . Swarmer 12 | . 6 6 Grunt 10 | . 10 . Subdweller 7 | . . 7 Best Kill Streak 4 | 2 4 4 Combat Bots Only 4 | . 4 4 Max Kills in Single Turn 3 | 1 3 2 Gunslinging 1 | . 1 . Exploded 3 | . 3 2 Melee . | . . . Uniques/NPCs Destroyed . | . . . Combat | -11 -10 -10 -------- Run | Yrd Mat Sub Hostile Shots Fired 115 | . 42 73 Missed 28 | . 10 18 Damage Taken 1458 | . 339 1119 Core 254 | . 63 191 Absorbed by Shields . | . . . Core Remaining (%) 100 | 100 . . Volleys Fired 110 | 3 51 56 Largest 2 | 2 2 2 Hottest 120 | 40 40 120 Shots Fired 161 | 6 98 57 Gun 119 | 6 94 19 Cannon . | . . . Launcher 39 | . 4 35 Special 3 | . . 3 Kinetic 112 | 6 94 12 Thermal 15 | . . 15 Explosive 34 | . 4 30 Electromagnetic . | . . . Robot Hit Streak 13 | 3 7 13 Robot Miss Streak 3 | 1 3 1 Penetration Max . | . . . Secondary Targets 2 | . 2 . Max Gunslinging Chain 1 | . 1 . Shots Hit Robots 103 | 3 60 40 Core Hits 65 | 2 38 25 Critical Kills . | . . . Critical Parts Destroyed . | . . . Critical Strikes . | . . . Melee Attacks . | . . . Impact . | . . . Slashing . | . . . Piercing . | . . . Sneak Attacks . | . . . Combat Hostiles . | . . . Follow-up Attacks . | . . . Damage Inflicted 2481 | 36 892 1553 Guns 1010 | 36 710 264 Cannons . | . . . Explosions 1447 | . 182 1265 Melee . | . . . Ramming . | . . . Kinetic 979 | 36 710 233 Thermal 236 | . . 236 Explosive 1266 | . 182 1084 Electromagnetic . | . . . Impact . | . . . Slashing . | . . . Piercing . | . . . Highest Corruption . | . . . Average Corruption . | . . . Corruption Purged . | . . . Corruption Blocked . | . . . Overload Shots . | . . . Overflow Damage 28 | . . 28 Projectiles . | . . . Explosions 28 | . . 28 Melee . | . . . Knockbacks . | . . . Impact . | . . . Kinetic . | . . . Secondary . | . . . Self-Inflicted Damage 58 | . . 58 Shots 3 | . . 3 Rammed . | . . . Targets Rammed . | . . . Kicked . | . . . Crushed . | . . . Highest Temperature 41 | . 41 . Average Temperature 11 | . 11 . Received Heat Transfer 270 | . 147 123 Siege Activations . | . . . Robots Corrupted . | . . . Combat Hostiles . | . . . Parts Fried . | . . . Impact Corruptions . | . . . Robots Melted . | . . . Combat Hostiles . | . . . Parts Melted . | . . . Heat Transferred 325 | . . 325 Parts Sabotaged . | . . . Parts Stolen . | . . . Parts Stripped . | . . . Power Chain Reactions . | . . . Alert | -11 -10 -10 ------- Run | Yrd Mat Sub Peak Influence 214 | 10 214 . Initial 6 | . 6 . Average 60 | 8 61 . Maximum Alert Level 1 | . 1 . Low Security (%) 95 | 100 95 . Level 1 4 | . 4 . Level 2 . | . . . Level 3 . | . . . Level 4 . | . . . Level 5 . | . . . High Security . | . . . Max Security . | . . . Squads Dispatched 4 | . 4 . Investigation 2 | . 2 . Extermination . | . . . Reinforcement 2 | . 2 . Assault . | . . . Garrison . | . . . Intercept . | . . . Searches Triggered . | . . . Construction Impeded . | . . . Haulers Reinforced . | . . . Active Scanning Responses . | . . . Cargo Convoy Interrupts . | . . . Stealth | -11 -10 -10 --------- Run | Yrd Mat Sub Distress Signals 2 | . 2 . Communications Jammed . | . . . Distress Signals . | . . . Times Spotted 38 | . 22 16 Peak Tracking Total 6 | . 3 6 Tactical Retreats 2 | . 1 1 Traps | -11 -10 -10 ------- Run | Yrd Mat Sub Traps Triggered 1 | . . 1 Indirectly . | . . . Trap Hack Attempts . | . . . Triggered . | . . . Disarmed . | . . . Reprogrammed . | . . . Reused . | . . . Traps Extracted . | . . . Installed . | . . . Triggered . | . . . Most Traps Carried 1 | . . 1 Machines | -11 -10 -10 ---------- Run | Yrd Mat Sub Machines Disabled 3 | . . 3 Max in Single Turn 1 | . . 1 Machines Repaired . | . . . Machines Dismantled . | . . . Machines Sabotaged . | . . . Overloaded Fab Kills . | . . . Hacking | -11 -10 -10 --------- Run | Yrd Mat Sub Machines Accessed 10 | . 9 1 Terminals 7 | . 7 . Fabricators . | . . . Repair Stations . | . . . Recycling Units 2 | . 2 . Scanalyzers . | . . . Garrison Access . | . . . Total Hacks 26 | . 25 1 Successful 16 | . 15 1 Failed 10 | . 10 . Catastrophic . | . . . Database Lockouts . | . . . Manual 14 | . 14 . Terminals 20 | . 20 . Fabricators . | . . . Repair Stations . | . . . Recycling Units 5 | . 5 . Scanalyzers . | . . . Garrison Access . | . . . Terminal Hacks 6 | . 5 1 Robot Analysis 1 | . 1 . Unreport Threat 1 | . 1 . Locate Traps 2 | . 2 . Hauler Manifests 1 | . 1 . Derelict Proto ID Bank 1 | . . 1 Fabricator Hacks . | . . . Repair Station Hacks . | . . . Recycling Unit Hacks 2 | . 2 . Report Inventory 2 | . 2 . Scanalyzer . | . . . Garrison Access Hacks . | . . . Unauthorized Hacks 8 | . 8 . Terminals 6 | . 6 . Botnet 2 | . 2 . Skim 4 | . 4 . Fabricators . | . . . Repair Stations . | . . . Recycling Units 2 | . 2 . Tunnel 2 | . 2 . Scanalyzers . | . . . Garrison Access . | . . . Data Cores Recovered . | . . . Used . | . . . Hacking Detections 8 | . 8 . Full Trace Events . | . . . Feedback Events . | . . . Feedback Blocked . | . . . Robot Schematics Acquired . | . . . Robots Built . | . . . Authchips . | . . . Time . | . . . Total Robot Build Rating . | . . . Part Schematics Acquired . | . . . Parts Built . | . . . Authchips . | . . . Time . | . . . Total Part Build Rating . | . . . Parts Repaired . | . . . Time . | . . . Parts Recycled . | . . . Recycled Matter . | . . . Retrieved Matter . | . . . Retrieved Components . | . . . Parts Scanalyzed . | . . . Part Schematics Acquired . | . . . Parts Damaged . | . . . Bothacking | -11 -10 -10 ------------ Run | Yrd Mat Sub Used RIF Installer . | . . . Robots Hacked . | . . . Non-combat . | . . . Combat . | . . . Robot Hacks Applied . | . . . Relay Couplers Released . | . . . Fabnet Peak Effective % . | . . . Robots Rewired . | . . . Allies Hacked . | . . . Hacks Repelled . | . . . Allies | -11 -10 -10 -------- Run | Yrd Mat Sub Total Allies . | . . . Largest Group . | . . . Highest-Rated Group . | . . . Highest-Rated Ally . | . . . Total Orders . | . . . Ally Attacks . | . . . Total Damage . | . . . Kills . | . . . Allies Corrupted . | . . . Allies Melted . | . . . Intel | -11 -10 -10 ------- Run | Yrd Mat Sub Robot Analysis Total 1 | . 1 . Derelict Logs Recovered . | . . . Drone Launches . | . . . Drone Recoveries . | . . . Exploration | -11 -10 -10 ------------- Run | Yrd Mat Sub Turns Passed 3464 | 26 2210 1228 Spaces Moved 1855 | 12 1091 752 Core . | . . . Treads 468 | . . 468 Legs 1110 | 12 1091 7 Wheels 277 | . . 277 Hover . | . . . Flight . | . . . Fastest Speed 95 | 120 120 95 Average Speed 165 | 120 182 141 Slowest Speed 190 | 120 190 190 Overloaded Moves . | . . . Propulsion Burnouts . | . . . Robots Hopped . | . . . Cave-ins Triggered . | . . . Exploration Rate (%) 45 | 3 98 36 Regions Visited 2 Branch Regions 1 Pre-discovered Areas 2 | . 2 . Known Exits Taken . | . . . Unknown Exits Taken 2 | 1 1 . Scrap Searched 2 | . . 2 Spaces Dug . | . . . Terrain Destroyed 215 | . 36 179 Melee . | . . . Projectile . | . . . AOE 215 | . 36 179 Terrain Rammed . | . . . Walls Destroyed . | . . . Machines Disabled . | . . . Actions | -11 -10 -10 --------- Run | Yrd Mat Sub Total 2092 | 18 1225 849 Wait 54 | . 46 8 Move 1853 | 11 1090 752 Hop . | . . . Pick Up 26 | 3 14 9 Fast Attach 2 | . 1 1 Attach 9 | . 1 8 Detach . | . . . Swap 23 | . 13 10 Drop 15 | 1 9 5 Fire 110 | 3 51 56 Melee . | . . . Ram . | . . . Kick . | . . . Crush . | . . . Escape Stasis . | . . . Rewire . | . . . Trap . | . . . Miscellaneous . | . . . Route ------- -11/Scrapyard -10/Materials (discovered 6 exits: [*Mat x3] / [*Min x2] / *Sub) -10/Subcaves (discovered 2 exits: [*Mat] / [*Rec]) History --------- Turn | Location | Event 10 | -11/Scrapyard | Discovered new exit (range 3) 27 | -11/Scrapyard | Entered Materials 296 | -10/Materials | Discovered new exit (range 14) 317 | -10/Materials | Build established: Mutant 367 | -10/Materials | Discovered new exit (range 14) 378 | -10/Materials | Discovered new exit (range 15) 581 | -10/Materials | Discovered new exit (range 16) 1164 | -10/Materials | Discovered new exit (range 6) 2215 | -10/Materials | Discovered new exit (range 11) 2237 | -10/Materials | Entered Subcaves 2237 | -10/Subcaves | Discovered new exit (range 13) 2714 | -10/Subcaves | Discovered new exit (range 5) 2811 | -10/Subcaves | Visited 4L-MR0's lab 2843 | -10/Subcaves | Found Gun Armor 3075 | -10/Subcaves | Core integrity fell below 50% 3087 | -10/Subcaves | Lost 3 parts (1p2w) 3172 | -10/Subcaves | Lost 6 parts (1p2n1u2w) 3452 | -10/Subcaves | Core integrity fell below 20% 3465 | -10/Subcaves | Destroyed by T5-URQ(R) with Subdweller Machine Gun Last Messages --------------- to Scrap Shield. 03120_ Lgt. Ion Engine destroyed. 03122_ 1R-1YK(R) destroyed. 03122_ Lgt. Assault Rifle destroyed. 03125_ Acquired Sub. Laser. 03128_ Subatomizers dissect the Sub. Optics. 03134_ I2-FK6(R) affixes Scrap Shield Fragment to Scrap Shield. 03139_ Subatomizers dissect the Sub. Optics. 03141_ Lgt. Treads destroyed. 03142_ Acquired 55 matter. 03143_ The unstable cave ceiling collapses. 03147_ Acquired Sub. Optics. 03148_ I2-FK6(R) destroyed. 03150_ Subatomizers dissect the Sub. Monowheel. 03150_ Acquired 23 matter. 03152_ Acquired Sub. Power Source. 03156_ Acquired Sub. Monowheel. 03159_ Acquired Sub. Machine Gun. 03194_ Acquired Shrapnel Trap. Map ----- +----------------------------------------------------+ | ?????????????????????# ##?????## ## ## # | | ?????????????????????#?????????## ## ##### | | ????????????????????????????????##########???# | | ?????????????????????????????????????????????# & | | ?????????????????????????????????????????????# | | ?????????????????????????????????????????????### | | ??????????????????????????????????????????????# | | ??????????????????????????????????????????????# | | ??????????????????????????????????????????????# | | ??????????????????????????????????????????????# | | ??????????????????????????????????????????????## | | ??????????????????????????????????????????????# | | ??????????????????????????????????????????????# | | ??????????????????????????????????????????????# | | ??????????????????????????????????????????????# | | ??????????????????????????????????????????????# | | ????????????????????????????????????????????#### | | ??????????????????????###???????????????????#" | | ????????????????????### #?########????###### | | ?????????????????#### ## # ##??## ## | | ???????????????### ? #?## ## | | ???????????????" " ???# ?# #?# ## | | ???????????????# " & ??### ##?# ### | | ???????????????" #??# ### ## # | | ???????????????#& #### # | | ???????????????# " # ##@ | | ?????????????????# # #R ## ## | | ??????????????????# ########### # | | ????????????????### R #????????# | | ???????????????## ### # #????????###### # | | ?????????####### #?########?????????????# | | ?????????# #??????????????????????## | | ?????????# #### #??????????????????????### | | ???????????????## #???????????????????????# ## | | ????????????????# ##??????????????????????# # | | ??? ???????????# ##?????????????????????# ## | | ???? ??????## #?????????????????????# ## | | ?????? #### #?????????????????????## # | | ??????????# # ####????????????????### | | ??????????###### #???????????????## | | ???????????????# ##??????????????## | | ???????????????# ##???????????????# | | ???????????????# #????????????????## ## | | ???????????????# #????????????????# #?# | | ???????????????# ### #???????????????# #?? | | ???????????????##???# #??????????????# ### | | ????????????????????? #??????????????## # | | ????????????????????? ##??????????????## | | ?????????????????????#####????########???# | | ?????????????????????????????## " "#???# # | +----------------------------------------------------+ Best States ------------- Heat Dissipation 25 Energy Generation 14 Energy Capacity 250 Matter Stores 300 Matter Capacity 300 Sight Range 16 Terrain Scan Density 10 Armor Coverage 150 Evasion (%) 55 Recoil Reduction 2 Item Schematics ----------------- None Robot Schematics ------------------ None Fabricated ------------ Nothing Alien Tech Used ----------------- None Achievements -------------- None Challenges ------------ None Game ------ Seed RocketPlasmaCompressor Manual? 0 Play Time 00:26:57 Cumulative 255.8 hours Start 2024.09.06 @ 01:40:40 End 2024.09.06 @ 02:08:40 Sessions 1 Manual Loads 0 Difficulty Rogue Special Mode None Game No. 193 Rogue 183 Adventurer 0 Explorer 10 Win Type - Total 3 Types 3/0/0/0/0/0/0/0/0 Lore% 62 Gallery% 69 Achievement% 53 Wizard Run 0 Options --------- Layout 2 ASCII 0 Keyboard 0 Movement Arrows Keybinds 1 Fullscreen 1 Font 24/Smallcaps Map View 50x44 Zoom Use 0% Tactical HUD 1 Map Filters NONE Filters NONE Steam 1 RUN: 34732b26-6355-4c37-962e-9120f5889b00